 Dungeon Crawl Stone Soup version 0.30-a0-778-g2ef04afb54 (webtiles) character file.

Game seed: 9824902354298556249

536107 Angani the Faerie Dragon (level 24, -12/214 HPs)
             Began as a Purple Draconian Necromancer on Feb 12, 2023.
             Was the Champion of Jiyva.
             Mangled by a titan (43 damage)
             ... on level 5 of the Vaults on Feb 15, 2023.
             The game lasted 01:58:52 (53209 turns).

Angani the Faerie Dragon (DrNe)                    Turns: 53209, Time: 01:58:52

Health: -12/214    AC: 20    Str: 20    XL:     24   Next: 58%
Magic:  26/42      EV: 32    Int: 20    God:    Jiyva [******]
Gold:   4739       SH:  0    Dex: 11    Spells: 14/53 levels left

rFire   + . .      SeeInvis +      - Unarmed
rCold   + + .      Faith    .    (shield currently unavailable)
rNeg    . . .      Spirit   .    (body armour unavailable)
rPois   ∞          Reflect  .    (helmet unavailable)
rElec   +          Harm     .    (cloak currently unavailable)
rCorr   +          Rampage  .    (gloves currently unavailable)
Will    ++++.                    (boots currently unavailable)
Stlth   ++                       R - amulet of the Air {Inacc Air Fly rElec RMsl}
HPRegen 2.15/turn                O - ring "Nuiplut" {rElec Will+ Int+4 Dex-3 SInv}
MPRegen 0.78/turn                E - ring "Kuqiggo" {rF+ rC++ EV+5}

@: storm-form, flying, repel missiles
A: cleaving, insubstantial, flying, (breathe power), AC +12, unfitting armour,
(cold-blooded), (fangs 3), (hooves 1), (horns 3), sense surroundings 3, wild
magic 1, (acidic bite), (jelly sensing items), (jelly absorbing missiles)
}: 3/15 runes: decaying, serpentine, slimy
a: Blinkbolt, End Transformation, Renounce Religion, Oozemancy, Slimify


You were on level 5 of the Vaults.
You worshipped Jiyva.
Jiyva was exalted by your worship.
You were a lightning-filled tempest!
You visited 11 branches of the dungeon, and saw 50 of its levels.
You also visited: Ossuary, Gauntlet, Ice Cave, Volcano and Desolation.

You collected 6838 gold pieces.
You spent 2099 gold pieces at shops.

Inventory:

Missiles
 j - 2 throwing nets
 I - 6 curare-tipped darts
Armour
 v - a scarf of repulsion (melded)
 C - a +2 hat
 G - the +2 pair of boots of the Candlemaker (melded) {rC+ Int+3}
   (You found it on level 1 of the Vaults)

   Int:       It affects your intelligence (+3).
   rC:        It protects you from cold.
 K - the +5 Storm Queen's Shield {shock, Fly rElec}
   (You found it on level 5 of the Pits of Slime)

   Shock:     When it blocks an attack, it may electrocute the attacker.
   This works even against foes who are a short distance away.
   rElec:     It insulates you from electricity.
   Fly:       It grants you flight.
Jewellery
 r - a ring of fire
 x - a ring of positive energy
 E - the ring "Kuqiggo" (right fist) {rF+ rC++ EV+5}
   (You found it on level 4 of the Snake Pit)

   [ring of evasion]

   EV:        It affects your evasion (+5).
   rF:        It protects you from fire.
   rC:        It greatly protects you from cold.
 O - the ring "Nuiplut" (left fist) {rElec Will+ Int+4 Dex-3 SInv}
   (You found it in a Gauntlet)

   [ring of see invisible]

   Int:       It affects your intelligence (+4).
   Dex:       It affects your dexterity (-3).
   rElec:     It insulates you from electricity.
   SInv:      It lets you see invisible.
   Will:      It increases your willpower.
 R - the amulet of the Air (around neck) {Inacc Air Fly rElec RMsl}
   (You found it on level 3 of the Crypt)

   [amulet of nothing]

   Inacc:     It reduces the accuracy of your attacks and spells.
   Air:       It enhances your air magic.
   rElec:     It insulates you from electricity.
   Fly:       It grants you flight.
   RMsl:      It protects you from missiles.
 S - a ring of positive energy
Wands
 b - a wand of light (11)
 g - a wand of mindburst (21)
 h - a wand of roots (21)
 u - a wand of flame (17)
 D - a wand of polymorph (18)
 H - a wand of paralysis (32)
 X - a wand of digging (13)
Scrolls
 e - 4 scrolls of immolation
 i - 9 scrolls of enchant armour
 m - 8 scrolls of amnesia
 n - 12 scrolls of teleportation
 q - 2 scrolls of brand weapon
 t - 4 scrolls of fog
 w - 3 scrolls of enchant weapon
 y - 11 scrolls of blinking
 A - 5 scrolls of summoning
 T - 6 scrolls of fear
 V - 2 scrolls of silence
 Y - 4 scrolls of poison
 Z - 4 scrolls of magic mapping
Potions
 a - 8 potions of magic
 c - 6 potions of haste
 d - 2 potions of flight
 f - 2 potions of resistance
 k - 6 potions of brilliance
 l - 7 potions of attraction
 o - 8 potions of ambrosia
 p - 22 potions of curing
 s - 12 potions of heal wounds
 z - 8 potions of lignification
 B - a potion of berserk rage
 F - 3 potions of cancellation
 P - 5 potions of might
 U - 3 potions of invisibility
 W - 7 potions of mutation
Miscellaneous
 M - a box of beasts
 N - a tin of tremorstones (2/2)
 Q - a lightning rod (4/4)


   Skills:
 + Level 17.1 Fighting
 + Level 11.3 Dodging
 - Level 1.7 Stealth
 - Level 14.9 Unarmed Combat
 - Level 15.0 Spellcasting
 O Level 27 Hexes
 - Level 4.0 Necromancy
 - Level 18.0 Transmutations
 - Level 7.5 Ice Magic
 - Level 16.3 Air Magic
 - Level 8.1 Evocations


You had 14 spell levels left.
You knew the following spells:

 Your Spells              Type           Power      Damage    Failure   Level
a - Necrotise             Necr           100%       1d9       1%          1
b - Storm Form            Tmut/Air       52%        N/A       5%          7
c - Ice Form              Ice/Tmut       72%        N/A       1%          4
d - Blade Hands           Tmut           42%        N/A       1%          5
e - Dragon Form           Tmut           42%        N/A       4%          7
f - Enfeeble              Hex            51%        N/A       1%          7
g - Discord               Hex            51%        N/A       1%          8

Your spell library contained the following spells:

 Spells                   Type           Power      Damage    Failure   Level
 Beastly Appendage        Tmut           100%       N/A       1%          1
 Shock                    Conj/Air       100%       1d9       1%          1
 Cigotuvi's Dreadful Rot  Necr/Pois/Air  100%       N/A       1%          2
 Ensorcelled Hibernation  Hex/Ice        100%       N/A       1%          2
 Passwall                 Tmut/Erth      50%        N/A       1%          2
 Wereblood                Tmut           85%        N/A       1%          2
 Confusing Touch          Hex            100%       N/A       1%          3
 Ozocubu's Armour         Ice            55%        N/A       1%          3
 Portal Projectile        Hex/Tloc       100%       N/A       1%          3
 Spider Form              Tmut/Pois      60%        N/A       1%          3
 Summon Guardian Golem    Hex/Summ       74%        N/A       1%          3
 Swiftness                Air            100%       N/A       1%          3
 Tukima's Dance           Hex            100%       N/A       1%          3
 Airstrike                Air            51%        2d(8-24)  1%          4
 Anguish                  Hex/Necr       39%        N/A       1%          4
 Fulminant Prism          Conj/Hex       37%        3d18      1%          4
 Leda's Liquefaction      Hex/Erth       37%        N/A       1%          4
 Metabolic Englaciation   Hex/Ice        41%        N/A       1%          5
 Yara's Violent Unravell  Hex/Tmut       47%        3d18      1%          5
 Ignite Poison            Fire/Tmut/Pois 50%        N/A       2%          3
 Kindle Blastsparks       Fire/Tloc/Air  100%       2d18      2%          3
 Kiss of Death            Conj/Necr      100%       2d13      3%          1
 Hailstorm                Conj/Ice       39%        3d9       4%          3
 Vampiric Draining        Necr           40%        2d8       4%          3
 Alistair's Intoxication  Tmut/Pois      40%        N/A       4%          5
 Irradiate                Conj/Tmut      30%        3d21      4%          5
 Apportation              Tloc           38%        N/A       7%          1
 Magic Dart               Conj           76%        1d6       7%          1
 Sandblast                Erth           38%        2d10      7%          1
 Summon Small Mammal      Summ           76%        N/A       7%          1
 Freezing Cloud           Conj/Ice/Air   37%        6-21      7%          5
 Blink                    Tloc           38%        N/A       10%         2
 Searing Ray              Conj           38%        2d5       10%         2
 Animate Dead             Necr           40%        N/A       12%         4
 Dispel Undead            Necr           40%        3d16      12%         4
 Call Canine Familiar     Summ           19%        N/A       17%         3
 Stone Arrow              Conj/Erth      38%        3d9       17%         3
 Eringya's Noxious Bog    Tmut/Pois      30%        N/A       22%         6
 Agony                    Necr           40%        N/A       30%         5
 Conjure Ball Lightning   Conj/Air       37%        3x3d12    30%         6
 Manifold Assault         Tloc           19%        N/A       47%         4
 Passage of Golubria      Tloc           19%        N/A       47%         4
 Borgnjor's Vile Clutch   Necr/Erth      14%        N/A       54%         5
 Simulacrum               Ice/Necr       24%        N/A       61%         6
 Ozocubu's Refrigeration  Ice            27%        4d13      89%         7
 Necromutation            Tmut/Necr      33%        N/A       98%         8
 Iron Shot                Conj/Erth      9%         9d3       100%        6
 Malign Gateway           Summ/Tloc      9%         N/A       100%        7
 Borgnjor's Revivificati  Necr           20%        N/A       100%        8
 Disjunction              Tloc           9%         N/A       100%        8
 Ignition                 Fire           9%         3d5       100%        8
 Infestation              Necr           20%        N/A       100%        8
 Summon Horrible Things   Summ           9%         N/A       100%        8
 Death's Door             Necr           20%        N/A       100%        9


Dungeon Overview and Level Annotations

Branches:
Dungeon (15/15)            Temple (1/1) D:7            Lair (5/5) D:9
  Swamp (4/4) Lair:3        Snake (4/4) Lair:3        Slime (5/5) Lair:5
    Orc (2/2) D:10            Elf (0/3) Orc:2        Vaults (5/5) D:13
  Crypt (3/3) Vaults:3       Tomb (0/3) Crypt:3      Depths (4/4) D:15
    Zot (2/5) Depths:4    Ossuary (visited)           IceCv (visited)
Volcano (visited)         Desolation (visited)      Gauntlet (visited)

Altars:
Ashenzari
Cheibriados
Dithmenos
Elyvilon
Fedhas
Gozag
Hepliaklqana
Kikubaaqudgha
Makhleb
Nemelex Xobeh
Okawaru
Qazlal
Ru
Sif Muna
Trog
Uskayaw
Vehumet
Wu Jian
Xom
Yredelemnul
Zin
The Shining One
Jiyva

Shops:
D:5 =   D:10 [   D:11 :   D:12 :(   D:15 [(((   Orc:2 [*(=   Snake:2 =*
Vaults:3 :   Vaults:4 :   Depths:1 !(([

Portals:
Hell: Depths:1 Depths:2 Depths:3 Depths:4
Abyss: Depths:2 Depths:3
Pandemonium: Depths:1 Depths:2
Ziggurat: Depths:1

Annotations:
D:5 3 runed translucent doors, Philosophunculist's ghost, novice DrFE
D:11 exclusion: tengu warrior
Lair:1 1 runed translucent door, MCDelver's ghost, journeyman OpFE
Swamp:1 1 runed translucent door, olaf's ghost, adept GnFi
Swamp:3 1 runed translucent door, Ge0ff's ghost, adept TeHW
Snake:2 2 transporters
Snake:4 3 runed translucent doors, sleeves's ghost, adept BaSu; tilp's ghost, adept MeFi
Slime:5 Royal Jelly
Zot:1 exclusion: door


Innate Abilities, Weirdness & Mutations

You are a lightning-filled tempest!
Your electrical attacks strike out in all directions at once.
You are incredibly evasive.
Your insubstantial body is immune to petrification, constriction, and being set on fire You are flying.
You are immune to poison.
Your armour is entirely melded.
You are incapable of wielding weapons or throwing items.
((You can breathe bolts of dispelling energy.))
((Your rich purple scales are hard. (AC +12)))
You cannot fit into any form of body armour.
((You are cold-blooded and may be slowed by cold attacks.))
((You have razor-sharp teeth.))
((You have large cloven feet.))
((You have a pair of large horns on your head.))
You passively map a large area around you.
Your spells are a little harder to cast, but a little more powerful.
((You have acidic saliva.))
((You have a small jelly attached to you that senses nearby items.))
((You have a small jelly attached to you that may absorb projectiles.))


Message History

A titan comes into view.
You hear a distant slurping noise.
The titan hits you!!!
A deep elf annihilator comes into view. It is wielding a +0 spear.
You hit the titan.
The titan is lightly wounded.
The deep elf annihilator misses you. The titan hits you!!!
Casting: Storm Form (dangerous; 5% risk of failure)
Confirm with . or Enter, or press ? or * to list all spells.
Casting: Discord (mildly dangerous; 1% risk of failure)
Press: ? - help, Dir - look around, f - activate The deep elf annihilator resists with almost no effort.
The titan resists with almost no effort. x2
The titan completely misses you.
A vault sentinel comes into view. It is wielding a +0 long sword.
The titan completely misses you.
The deep elf annihilator closely misses you.
The titan attacks as you move away! The titan hits you!!!
The titan attacks as you move away! The titan completely misses you.
Casting: Discord (mildly dangerous; 1% risk of failure)
Confirm with . or Enter, or press ? or * to list all spells.
Casting: Discord (mildly dangerous; 1% risk of failure)
Press: ? - help, Dir - look around, f - activate The deep elf annihilator resists with almost no effort.
The titan resists with almost no effort.
The vault sentinel flies into a frenzy!
The titan resists with almost no effort.
The vault sentinel hits the deep elf annihilator with a +0 long sword!!
The titan hits you!!!
* * * LOW HITPOINT WARNING * * *
The titan hits you but does no damage.
The deep elf annihilator points at you and mumbles some strange words.
The crystal spear hits the vault sentinel!!!
The vault sentinel dies!
Okay, then.
The titan attacks as you move away! The titan hits you!!
* * * LOW HITPOINT WARNING * * *
The titan casts a spell at you.
The bolt of lightning is repelled.
The titan hits you!!!
You die...

, ** * , * ....#....#.** #
,...#....#.. . , , *
.,,#..#....#.# * # ,****,
..##..#....#.##* # , , ,,
, ....e#....#..##.### , ,
, ,,....).............. *
* *
*#########)..)....#######
,,........C...))..........
, ......)v.C......).......
** *
########################


You could see 2 titans.

Vanquished Creatures
  An ancient lich (Crypt:3)
  A curse toe (Zot:1)
  A caustic shrike (Depths:3)
  Xtahua (Vaults:2)
  3 bone dragons
  6 golden dragons
  A titan (Depths:3)
  8 tentacled monstrosities
  Mlioglotl (Swamp:1)
  2 walking earthen tomes
  A shard shrike skeleton (Crypt:3)
  8 liches
  3 quicksilver dragons
  5 sphinxes
  4 death cobs (Zot:1)
  3 shadow dragons
  A thorn hunter (Swamp:2)
  3 storm dragons
  8 ancient champions
  Frances (Swamp:1)
  2 revenants
  Donald (Orc:2)
  6 fire giants
  4 tengu reavers (Depths:2)
  A draconian monk (Zot:1)
  5 nagarajas
  A balrug (Depths:3)
  An iron dragon (Depths:4)
  7 vault wardens
  2 draconian scorchers
  3 imperial myrmidons (Desolation)
  11 frost giants
  4 spriggan defenders
  3 orc warlords
  A reaper (Crypt:2)
  A draconian shifter (Depths:4)
  2 war gargoyles (Vaults:1)
  2 cacodemons
  A draconian annihilator (Zot:1)
  A caustic shrike zombie (Crypt:2)
  2 draconian stormcallers
  4 curse skulls
  6 ghouls
  Nessos (D:13)
  2 juggernaut skeletons (Crypt:3)
  11 vampire knights
  A deep elf demonologist (Vaults:3)
  4 eleionomae
  18 stone giants
  13 very ugly things
  3 caustic shrike skeletons (Crypt:3)
  10 ironbound preservers
  An ironbound thunderhulk (Vaults:3)
  2 green draconians
  11 dire elephants
  2 white draconians (Zot:1)
  5 black draconians
  2 halazid warlocks (Desolation)
  3 purple draconians
  A red draconian (Zot:2)
  12 spark wasps
  A minotaur (Gauntlet)
  8 eidola
  A yellow draconian (Zot:2)
  Snorg (D:11)
  3 bunyips
  5 crystal guardians
  10 fire dragons
  5 deep elf death magi
  13 jiangshi
  13 ettins
  A blizzard demon (Depths:3)
  An iron golem (Depths:2)
  5 yaktaur captains
  A green death (Depths:3)
  2 entropy weavers
  8 ragged hierophants (Desolation)
  8 rakshasas
  7 salamander tyrants
  5 vault guards
  2 hell beasts (Depths:3)
  2 ghost crabs
  5 ice dragons
  14 peacekeepers
  14 servants of whispers (Desolation)
  12 anacondas
  17 hydras
  5 spriggan air magi
  An Orb Guardian zombie (Crypt:1)
  2 ogre magi
  8 ironbound frosthearts
  A catoblepas (Lair:5)
  7 boulder beetles
  A great orb of eyes (Gauntlet)
  3 death knights
  A fenstrider witch zombie (Crypt:1)
  4 spriggan skeletons
  9 centaur warriors
  11 alligators
  6 naga warriors
  8 deep troll earth magi
  Urug (D:12)
  7 two-headed ogres
  10 deep troll shamans
  10 tengu warriors
  5 shock serpents
  10 death yaks
  11 naga sharpshooters
  5 vampire magi
  4 orc high priests
  8 spriggan berserkers
  4 soul eaters
  Sonja (Lair:4)
  A storm dragon zombie (Crypt:3)
  6 spriggans
  A shadow wraith (Crypt:2)
  A sun demon (Depths:2)
  A bunyip zombie (Crypt:1)
  2 skysharks
  10 iron trolls
  47 skeletal warriors
  13 hell knights
  A sixfirhy (Depths:3)
  4 titan skeletons (Crypt:3)
  2 anaconda zombies
  A salamander mystic (Snake:4)
  2 spriggan druids
  58 deep trolls
  9 goliath frogs
  10 flayed ghosts
  2 bog bodies (Crypt:2)
  8 naga ritualists
  5 wizards
  Pikel (D:4)
  12 orc knights
  16 mana vipers
  A spriggan simulacrum (Crypt:2)
  3 golden dragon skeletons
  20 ironbound convokers
  8 lindwurms
  10 phantasmal warriors
  8 necromancers
  4 orc sorcerers
  13 swamp dragons
  A tengu zombie (Vaults:2)
  An obsidian statue (Depths:3)
  A tengu skeleton (Vaults:2)
  4 deep elf pyromancers
  A shadow dragon skeleton (Crypt:3)
  An anaconda skeleton (Crypt:3)
  25 ugly things
  2 deep elf zephyrmancers (D:15)
  12 cyclopes
  4 manticores
  17 salamanders
  A will-o-the-wisp (Swamp:2)
  A manticore (shapeshifter) (D:14)
  9 moths of wrath
  Maurice (Orc:2)
  An ice statue (IceCv)
  18 naga magi
  7 molten gargoyles
  11 guardian serpents
  7 elephants
  16 vault sentinels
  46 black mambas
  A rust devil (Depths:1)
  3 smoke demons (Depths:3)
  4 orange demons
  15 cane toads
  A torpor snail (Lair:4)
  2 gargoyles
  A green draconian zombie (Crypt:1)
  5 rime drakes
  Maggie (D:9)
  3 unseen horrors
  21 yaktaurs
  6 freezing wraiths
  An efreet (Volcano)
  5 centaur skeletons
  4 tengu conjurers
  An anaconda simulacrum (Crypt:2)
  A harpy zombie (Crypt:1)
  2 alligator snapping turtle skeletons
  A yaktaur skeleton (Vaults:5)
  3 ice devils
  A red devil (Depths:1)
  A green draconian skeleton (Crypt:1)
  8 komodo dragons
  4 guardian mummies (Crypt:1)
  A grey draconian skeleton (Crypt:2)
  A meliai (D:15)
  A troll (Orc:2)
  2 pale draconian skeletons
  3 hydra zombies (Swamp:3)
  4 harpy skeletons
  12 polar bears
  An iron troll skeleton (Crypt:1)
  A tengu simulacrum (Vaults:2)
  A hellwing (Depths:1)
  4 tyrant leeches
  7 hornets
  An ice dragon zombie (Crypt:1)
  Grinder (D:5)
  71 saltlings (Desolation)
  A fire dragon zombie (Crypt:2)
  A meliai zombie (D:15)
  A radroach zombie (Crypt:3)
  12 blink frogs
  9 flying skulls (Crypt:2)
  Sigmund (D:4)
  An ettin skeleton (Crypt:3)
  8 wraiths
  A satyr skeleton (Crypt:1)
  73 yaks
  A jumping spider (Vaults:1)
  6 shadows (Gauntlet)
  A wind drake zombie (Crypt:2)
  3 wyverns
  4 neqoxecs
  A dire elephant simulacrum (Crypt:1)
  3 basilisks
  A redback (Vaults:5)
  11 vampire mosquitoes
  A chaos spawn (Depths:3)
  A harpy simulacrum (Crypt:2)
  Edmund (D:4)
  37 nagas
  21 swamp worms
  2 acid dragons
  A warg (Orc:1)
  17 water moccasins
  2 naga skeletons (Crypt:3)
  A glowing shapeshifter skeleton (Vaults:2)
  9 swamp drakes
  6 ice beasts
  34 orc warriors
  8 ogres
  52 wolves
  19 centaurs
  A blink frog skeleton (Crypt:2)
  A lindwurm skeleton (Crypt:2)
  4 lemures (D:4)
  A phantom (D:7)
  A yaktaur zombie (Crypt:3)
  Blork the orc (D:4)
  7 kobold brigands
  6 necrophages
  A scorpion (D:5)
  9 bullfrogs
  A rime drake skeleton (Crypt:1)
  16 wights
  6 killer bees
  A troll zombie (Crypt:2)
  A shapeshifter skeleton (Crypt:1)
  6 howler monkeys
  2 electric eels (Lair:1)
  A bullfrog zombie (Crypt:3)
  A gnoll bouda (D:8)
  2 hounds
  2 jellies
  18 orc priests
  Crazy Yiuf (D:4)
  Jessica (D:2)
  2 iguanas
  20 orc wizards
  3 human skeletons
  Natasha (twice) (D:3)
  An acid dragon zombie (Crypt:1)
  6 mummies
  Robin (D:2)
  5 adders
  8 gnolls
  An ufetubus (D:6)
  3 worms
  A dart slug (D:1)
  68 orcs
  8 spectral bats (Ossuary)
  8 ball pythons
  10 bats
  8 endoplasms
  2 giant cockroaches (D:2)
  15 goblins
  7 hobgoblins
  7 jackals
  3 quokkas
  3 frilled lizards
  2 frilled lizard zombies
  12 gnoll zombies (Ossuary)
  2 goblin simulacra (Ossuary)
  A goblin skeleton (Crypt:2)
  2 goblin zombies (Ossuary)
  10 hobgoblin zombies (Ossuary)
  41 kobolds
  A kobold simulacrum (Ossuary)
  5 kobold zombies (Ossuary)
  2 orc zombies
  4 rats
  3 rat simulacra (Ossuary)
  2 spectral goblins (Ossuary)
  2 spectral kobolds (Ossuary)
  4 spectral rats (Ossuary)
  2 briar patches (Swamp:2)
  A withered plant (Crypt:2)
1945 creatures vanquished.

Vanquished Creatures (collateral kills)
  A hellephant (Vaults:1)
  Jorgrun (Swamp:2)
  A sphinx (Vaults:5)
  A frost giant (Vaults:5)
  A curse skull (Crypt:2)
  A war gargoyle (Vaults:5)
  An orc warlord (Orc:2)
  2 stone giants (Vaults:5)
  A bunyip (shapeshifter) (Vaults:5)
  21 vault guards (Vaults:5)
  A two-headed ogre (D:11)
  A phantasmal warrior (Vaults:5)
  A saltling (Desolation)
  A wraith (Crypt:2)
  A centaur (D:11)
  2 killer bees (D:11)
38 creatures vanquished.

Vanquished Creatures (others)
  2 tentacled monstrosities (Zot:1)
  A draconian scorcher (Zot:1)
  A white draconian (Zot:1)
  A red draconian (Zot:1)
  4 great orbs of eyes
  A great orb of eyes (shapeshifter) (Vaults:5)
  A ragged hierophant (Desolation)
  An ettin (Depths:2)
  3 vault guards (Vaults:5)
  A glowing orange brain (Depths:2)
  An orc high priest (Orc:2)
  A deep troll (D:13)
  A wizard (Vaults:3)
  An ugly thing (Vaults:3)
  An elephant (shapeshifter) (Vaults:5)
  A molten gargoyle (Volcano)
  2 vault sentinels
  A rime drake (shapeshifter) (Depths:3)
  A meliai (shapeshifter) (D:13)
  2 bloated husks
  2 meliai (D:15)
  A blink frog (shapeshifter) (Depths:2)
  A slime creature (shapeshifter) (Depths:3)
  22 slime creatures
  A yak (Lair:4)
  A basilisk (D:13)
  A spriggan (Swamp:4)
  A swamp drake (Swamp:1)
  3 boggarts (Vaults:3)
  2 bullfrogs
  2 killer bees (D:11)
  170 jellies
  2 orc priests (Orc:2)
  2 orc wizards (Orc:1)
  An acid dragon zombie (Crypt:3)
  3 orcs (Orc:1)
  A briar patch (Swamp:2)
  A butterfly (Lair:5)
  12 demonic plants (Gauntlet)
  4 foxfires (Swamp:2)
  48 fungi
  104 plants
  67 withered plants
480 creatures vanquished.

Grand Total: 2463 creatures vanquished

Notes
Turn   | Place    | Note
-------+----------+-------------------------------------------
     0 | D:1      | Angani the Draconian Necromancer began the quest for the
                  | Orb.
     0 | D:1      | Reached XP level 1. HP: 14/14 MP: 3/3
   138 | D:1      | Reached skill level 1 in Unarmed Combat
   156 | D:1      | Noticed a great orb of eyes
   160 | D:1      | Found a faded altar of an unknown god.
   162 | D:1      | Noticed a floating eye
   169 | D:1      | Reached skill level 1 in Fighting
   169 | D:1      | Reached XP level 2. HP: 21/23 MP: 5/5
   171 | D:1      | Noticed an eye of devastation
   171 | D:1      | Noticed a great orb of eyes
   705 | D:1      | Reached XP level 3. HP: 25/28 MP: 6/6
  1230 | D:2      | Noticed Jessica
  1245 | D:2      | Killed Jessica
  1343 | D:2      | Noticed Robin
  1352 | D:2      | Reached XP level 4. HP: 30/36 MP: 7/7
  1370 | D:2      | Killed Robin
  2034 | D:3      | Identified the +6 scale mail of the Sacrificial Victim
                  | {Str+2 Int+3}
  2251 | D:3      | Noticed Natasha
  2265 | D:3      | Killed Natasha
  2266 | D:3      | Reached XP level 5. HP: 42/44 MP: 0/8
  2341 | D:3      | Found a white marble altar of Elyvilon.
  2480 | D:3      | Noticed Natasha
  2487 | D:3      | Killed Natasha
  2794 | D:4      | Found a sand-covered staircase.
  2803 | Ossuary  | Entered an ossuary
  3414 | D:4      | Noticed a lemure
  3414 | D:4      | Noticed a lemure
  3414 | D:4      | Noticed a lemure
  3436 | D:4      | Killed a lemure
  3440 | D:4      | Killed a lemure
  3715 | D:4      | Reached XP level 6. HP: 45/51 MP: 9/9
  3771 | D:4      | Identified the +6 trident "Vavifaa" {vamp, Int+2}
  3876 | D:4      | Noticed Edmund
  3929 | D:4      | Killed Edmund
  3930 | D:4      | Reached skill level 5 in Unarmed Combat
  4097 | D:4      | Noticed Sigmund
  4137 | D:4      | Killed Sigmund
  4138 | D:4      | Your scales start taking on a rich purple colour.
  4138 | D:4      | Reached XP level 7. HP: 47/60 MP: 0/10
  4249 | D:4      | Noticed Blork the orc
  4259 | D:4      | Killed Blork the orc
  4552 | D:4      | Noticed Pikel
  4810 | D:4      | Found a runed translucent door.
  4811 | D:4      | Noticed Crazy Yiuf
  4933 | D:4      | Killed Pikel
  4934 | D:4      | Reached skill level 5 in Fighting
  4934 | D:4      | Reached XP level 8. HP: 9/70 MP: 11/11
  5663 | D:4      | Killed Crazy Yiuf
  5756 | D:5      | Entered Level 5 of the Dungeon
  5772 | D:5      | Found a runed translucent gate.
  5772 | D:5      | Found a runed translucent gate.
  5773 | D:5      | Found a runed translucent gate.
  5776 | D:5      | Noticed Philosophunculist's ghost (novice DrFE)
  5919 | D:5      | Noticed Grinder
  5926 | D:5      | Killed Grinder
  5959 | D:5      | Found a shimmering altar of Xom.
  6082 | D:5      | Found Inowogargh's Jewellery Emporium.
  6103 | D:5      | Bought a ring of see invisible for 180 gold pieces
  6403 | D:5      | Gained mutation: Your body sometimes deteriorates upon
                  | taking damage. [potion of mutation]
  6861 | D:6      | Reached XP level 9. HP: 76/79 MP: 8/12
  7190 | D:6      | Noticed a +0 dagger
  7206 | D:6      | Noticed a +0 spear
  7206 | D:6      | Noticed a +0 short sword
  7206 | D:6      | Noticed a +0 spear
  7208 | D:6      | Noticed a +0 short sword
  7209 | D:6      | Noticed a +0 dagger
  7209 | D:6      | Noticed a +0 falchion
  7210 | D:6      | Noticed a +0 falchion
  7240 | D:6      | Found a hide-covered altar of Uskayaw.
  7427 | D:6      | Identified the +5 long sword of Accidental Termination
                  | {flame, Dex+3}
  7517 | D:6      | Identified the +7 falchion "Hydraslayer" {spect, rElec
                  | Str-3 SInv}
  7594 | D:6      | Found a glowing silver altar of Zin.
  7678 | D:7      | Found a staircase to the Ecumenical Temple.
  7686 | D:7      | Reached skill level 10 in Unarmed Combat
  7692 | Temple   | Entered the Ecumenical Temple
  7945 | D:7      | Identified the +0 robe of Sin {rPois rF+ rN+ Dex-5}
  8240 | D:7      | Reached skill level 1 in Evocations
  8332 | D:7      | Identified the ring "Epeaxkeo" {*Slow rC+ Will++ rCorr
                  | EV+5}
  8520 | D:7      | Noticed a boulder beetle
  8749 | D:7      | Killed a boulder beetle
  8750 | D:7      | Reached skill level 5 in Evocations
  8750 | D:7      | Reached XP level 10. HP: 45/88 MP: 13/13
  9005 | D:8      | Reached skill level 5 in Dodging
  9395 | D:8      | Learned a level 7 spell: Storm Form
 10435 | D:9      | Reached skill level 1 in Transmutations
 10435 | D:9      | Reached skill level 1 in Air Magic
 10806 | D:9      | Found a staircase to the Lair.
 11165 | D:9      | Noticed Maggie
 11183 | D:9      | Killed Maggie
 11396 | D:10     | Entered Level 10 of the Dungeon
 11427 | D:10     | Reached XP level 11. HP: 94/94 MP: 12/14
 11592 | D:10     | Found Kacox's Armour Emporium.
 12007 | D:10     | Found a staircase to the Orcish Mines.
 12699 | D:11     | Identified the +0 plate armour of Siheih Qixt {rElec}
 12829 | D:11     | Noticed a two-headed ogre
 12837 | D:11     | Killed a two-headed ogre
 13132 | D:11     | Noticed a tengu warrior
 13165 | D:11     | Found Lotoz's Book Shop.
 13168 | D:11     | Bought a book of the Tundra for 416 gold pieces
 13173 | D:11     | Learned a level 4 spell: Ice Form
 13191 | D:11     | Reached skill level 1 in Ice Magic
 13781 | D:11     | Reached skill level 5 in Spellcasting
 13781 | D:11     | Reached skill level 5 in Transmutations
 14020 | D:11     | Noticed a two-headed ogre
 14027 | D:11     | Killed a two-headed ogre
 14208 | D:11     | Noticed Snorg
 14231 | D:11     | Killed Snorg
 14553 | Lair:1   | Entered Level 1 of the Lair of Beasts
 14592 | Lair:1   | Noticed a lindwurm
 14609 | Lair:1   | Reached XP level 12. HP: 73/101 MP: 20/20
 14612 | Lair:1   | Reached skill level 5 in Ice Magic
 14911 | Lair:1   | Found a runed translucent door.
 14913 | Lair:1   | Identified the +9 trident of Megalomania {spect, *Slow
                  | Dex+5}
 14913 | Lair:1   | Noticed MCDelver's ghost (journeyman OpFE)
 15116 | Lair:1   | Found a gate leading to a gauntlet.
 15125 | Gauntlet | Entered a Gauntlet
 15125 | Gauntlet | Found a transporter.
 15140 | Gauntlet | Noticed a great orb of eyes
 15179 | Gauntlet | Found a transporter.
 15181 | Gauntlet | Noticed a hell beast
 15197 | Gauntlet | Found a transporter.
 15199 | Gauntlet | Found a transporter.
 15201 | Gauntlet | Found a large runed translucent door.
 15202 | Gauntlet | Found a large runed translucent door.
 15203 | Gauntlet | Found a large runed translucent door.
 15203 | Gauntlet | Found a large runed translucent door.
 15203 | Gauntlet | Found a runed translucent door.
 15204 | Gauntlet | Found a large runed translucent door.
 15205 | Gauntlet | Found a large runed translucent door.
 15206 | Gauntlet | Found a large runed translucent door.
 15206 | Gauntlet | Found a large runed translucent door.
 15207 | Gauntlet | Found a runed translucent gate.
 15215 | Gauntlet | Found a transporter.
 15215 | Gauntlet | Found a runed translucent gate.
 15216 | Gauntlet | Found a runed translucent gate.
 15216 | Gauntlet | Found a runed translucent door.
 15218 | Gauntlet | Found a large runed translucent door.
 15218 | Gauntlet | Found a large runed translucent door.
 15219 | Gauntlet | Found a large runed translucent door.
 15220 | Gauntlet | Found a large runed translucent door.
 15229 | Gauntlet | Found a transporter.
 15242 | Gauntlet | Found a transporter.
 15249 | Gauntlet | Noticed an entropy weaver
 15262 | Gauntlet | Found a transporter.
 15266 | Gauntlet | Found a transporter.
 15275 | Gauntlet | Found a transporter.
 15302 | Gauntlet | Found a transporter.
 15302 | Gauntlet | Found a transporter.
 15306 | Gauntlet | Found a runed translucent door.
 15307 | Gauntlet | Found a runed translucent door.
 15325 | Gauntlet | Found a large runed translucent door.
 15326 | Gauntlet | Found a large runed translucent door.
 15328 | Gauntlet | Found a large runed translucent door.
 15329 | Gauntlet | Found a large runed translucent door.
 15336 | Gauntlet | Found a runed translucent door.
 15431 | Gauntlet | Killed a great orb of eyes
 15607 | Gauntlet | Identified the ring "Veladghy" {Contam rC+ EV+5 Str+9}
 15660 | Gauntlet | Identified the ring "Nuiplut" {rElec Will+ Int+4 Dex-3
                  | SInv}
 15696 | Gauntlet | Noticed a minotaur
 15722 | Gauntlet | Killed a minotaur
 15733 | Gauntlet | Identified the +1 robe of the Zebra {Harm rPois Dex+4}
 15733 | Gauntlet | Identified the +9 dagger of Umoatt {holy, rF+ rCorr Str+4}
 15734 | Gauntlet | Got the Book of the Summoned Fault
 16518 | Lair:1   | Reached skill level 5 in Air Magic
 17849 | Lair:2   | Reached XP level 13. HP: 107/107 MP: 25/25
 18598 | Lair:3   | You fall into a shaft and drop 2 floors!
 18598 | Lair:5   | Entered Level 5 of the Lair of Beasts
 18657 | Lair:5   | Found a frozen archway.
 19046 | Lair:5   | Found a staircase to the Slime Pits.
 19050 | Lair:5   | Found a viscous altar of Jiyva.
 19064 | Lair:5   | Became a worshipper of Jiyva Jyfajoth the Shapeless
 19110 | IceCv    | Entered an ice cave
 19446 | IceCv    | Learned a level 5 spell: Blade Hands
 19477 | IceCv    | Reached skill level 10 in Spellcasting
 19550 | IceCv    | Noticed a frost giant
 19889 | IceCv    | Killed a frost giant
 20216 | IceCv    | Reached skill level 10 in Transmutations
 20457 | IceCv    | Identified a scroll of acquirement
 20457 | IceCv    | Acquired a +2 pair of boots of rampaging
 20878 | Lair:4   | Noticed Sonja
 20887 | Lair:4   | Killed Sonja
 20960 | Lair:4   | Reached * piety under Jiyva
 21462 | Lair:4   | Reached XP level 14. HP: 114/114 MP: 25/29
 21746 | Lair:3   | Reached ** piety under Jiyva
 22192 | Lair:3   | Found a staircase to the Snake Pit.
 22219 | Lair:3   | Reached *** piety under Jiyva
 22617 | Lair:3   | Found a staircase to the Swamp.
 23081 | Lair:5   | Reached skill level 10 in Air Magic
 23304 | Lair:5   | Reached **** piety under Jiyva
 23362 | Lair:5   | Gained mutation: Your body has grown eyes which may confuse
                  | attackers. (Acc +3) [Jiyva's grace]
 23362 | Lair:5   | Gained mutation: Your body has grown many eyes which may
                  | confuse attackers. (Acc +5) [Jiyva's grace]
 23362 | Lair:5   | Gained mutation: Your body is covered in eyes which may
                  | confuse attackers. (Acc +7, SInv) [Jiyva's grace]
 23362 | Lair:5   | Gained mutation: You are covered in slimy tendrils that may
                  | disarm your opponents. [Jiyva's grace]
 23874 | D:9      | Learned a level 7 spell: Dragon Form
 24044 | D:12     | Noticed Urug
 24052 | D:12     | Killed Urug
 24108 | D:12     | Found Itacogh's Book Shop.
 24113 | D:12     | Found Vihup's Weapon Shop.
 24350 | D:12     | Reached ***** piety under Jiyva
 24697 | D:13     | Acquired the amulet of Neudwop {rElec Regen+ Dex+4}
 25009 | D:13     | Noticed Nessos
 25020 | D:13     | Killed Nessos
 25212 | D:13     | Reached XP level 15. HP: 114/121 MP: 30/32
 25317 | D:13     | Found a gate to the Vaults.
 25610 | D:14     | Lost mutation: Your body is covered in eyes which may
                  | confuse attackers. (Acc +7, SInv) [Jiyva's grace]
 25610 | D:14     | Lost mutation: You are covered in slimy tendrils that may
                  | disarm your opponents. [Jiyva's grace]
 25610 | D:14     | Gained mutation: Your muscles are strong. (Str +4, Int/Dex
                  | -1) [Jiyva's grace]
 25610 | D:14     | Gained mutation: Your muscles are very strong. (Str +8,
                  | Int/Dex -2) [Jiyva's grace]
 25610 | D:14     | Gained mutation: You have a small jelly attached to you
                  | that may absorb projectiles. [Jiyva's grace]
 25610 | D:14     | Gained mutation: Your flesh is heat resistant. (rF+)
                  | [Jiyva's grace]
 25911 | D:15     | Entered Level 15 of the Dungeon
 25911 | D:15     | Found Wuymodgh's Weapon Emporium.
 25943 | D:15     | Found Bihepeh's Weapon Emporium.
 26003 | D:15     | Found Nuquo's Antique Weapon Boutique.
 26203 | D:15     | Found Xynopak's Armour Boutique.
 26242 | D:15     | Reached ****** piety under Jiyva
 27019 | D:15     | Found a staircase to the Depths.
 27414 | Orc:1    | Entered Level 1 of the Orcish Mines
 27495 | Orc:1    | Found a shimmering blue altar of Sif Muna.
 27728 | Orc:1    | Found a dark tunnel.
 27742 | Volcano  | Entered a volcano
 27894 | Volcano  | Noticed an orb of fire
 27986 | Volcano  | Noticed an orb of fire
 28332 | Orc:2    | Entered Level 2 of the Orcish Mines
 28467 | Orc:2    | Lost mutation: Your body sometimes deteriorates upon taking
                  | damage. [Jiyva's grace]
 28467 | Orc:2    | Gained mutation: Your body is covered in eyes which may
                  | confuse attackers. (Acc +7, SInv) [Jiyva's grace]
 28467 | Orc:2    | Gained mutation: Your rubbery body absorbs attacks. (AC +1,
                  | EV +1) [Jiyva's grace]
 28467 | Orc:2    | Gained mutation: Your pliable body absorbs attacks. (AC +2,
                  | EV +2) [Jiyva's grace]
 28467 | Orc:2    | Gained mutation: Your gelatinous body deflects attacks. (AC
                  | +3, EV +3) [Jiyva's grace]
 28481 | Orc:2    | Noticed Maurice
 28487 | Orc:2    | Killed Maurice
 28558 | Orc:2    | Found a staircase to the Elven Halls.
 28618 | Orc:2    | Noticed Donald
 28622 | Orc:2    | Killed Donald
 28781 | Orc:2    | Reached skill level 15 in Spellcasting
 28819 | Orc:2    | Found Inymuc's General Store.
 28820 | Orc:2    | Found Wilikew's Jewellery Boutique.
 28822 | Orc:2    | Found Gete's Antique Armour Shop.
 28822 | Orc:2    | Found Ashul's Antique Weapon Shop.
 28837 | Orc:2    | Bought a potion of experience for 600 gold pieces
 28837 | Orc:2    | Reached XP level 16. HP: 127/127 MP: 35/35
 28975 | Orc:1    | Reached XP level 17. HP: 134/134 MP: 29/36
 29491 | Swamp:1  | Entered Level 1 of the Swamp
 29551 | Swamp:1  | Noticed Mlioglotl
 29558 | Swamp:1  | Killed Mlioglotl
 29629 | Swamp:1  | Found a runed translucent door.
 29632 | Swamp:1  | Noticed olaf's ghost (adept GnFi)
 29648 | Swamp:1  | Gained mutation: You occasionally shout uncontrollably at
                  | your foes. [mutagenic glow]
 29719 | Swamp:1  | Noticed Frances
 29732 | Swamp:1  | Killed Frances
 29733 | Swamp:1  | Reached skill level 15 in Transmutations
 30145 | Swamp:2  | Noticed Jorgrun
 30154 | Swamp:2  | Killed Jorgrun
 30199 | Swamp:2  | Identified the +12 war axe of Ocuhey {drain, rElec rC+ rN+}
 30363 | Swamp:2  | You are sucked into a shaft and drop 1 floor!
 30363 | Swamp:3  | Found a runed translucent door.
 30418 | Swamp:3  | Found a shimmering altar of Xom.
 30418 | Swamp:3  | Noticed Ge0ff's ghost (adept TeHW)
 30445 | Swamp:3  | Reached skill level 10 in Fighting
 30550 | Swamp:3  | Identified the +5 helmet of Vizil {Str+5}
 30553 | Swamp:3  | Got the Codex of Reanimation Made Easy
 30772 | Swamp:3  | Noticed a tentacled monstrosity
 30775 | Swamp:3  | Killed a tentacled monstrosity
 30888 | Swamp:3  | Identified the +7 falchion of Attainder {venom, rN++ Dex+2}
 31520 | Swamp:4  | Entered Level 4 of the Swamp
 31559 | Swamp:4  | Lost mutation: Your flesh is heat resistant. (rF+) [Jiyva's
                  | grace]
 31559 | Swamp:4  | Lost mutation: Your muscles are very strong. (Str +8,
                  | Int/Dex -2) [Jiyva's grace]
 31559 | Swamp:4  | Lost mutation: Your body is covered in eyes which may
                  | confuse attackers. (Acc +7, SInv) [Jiyva's grace]
 31559 | Swamp:4  | Gained mutation: You passively dampen the noise of your
                  | surroundings. [Jiyva's grace]
 31559 | Swamp:4  | Gained mutation: Your tail ends in a venomous barb.
                  | [Jiyva's grace]
 31559 | Swamp:4  | Gained mutation: Your tail ends in a sharp venomous barb.
                  | [Jiyva's grace]
 31559 | Swamp:4  | Gained mutation: Your tail ends in a wickedly sharp and
                  | venomous barb. [Jiyva's grace]
 32173 | Swamp:4  | Noticed the 27-headed Lernaean hydra
 32296 | Snake:1  | Entered Level 1 of the Snake Pit
 32935 | Snake:2  | Reached XP level 18. HP: 154/155 MP: 22/37
 33098 | Snake:2  | Found Gykidaw's General Store.
 33098 | Snake:2  | Found Unaxtodi's Jewellery Boutique.
 33122 | Snake:2  | Bought a potion of haste for 180 gold pieces
 33122 | Snake:2  | Bought a potion of attraction for 54 gold pieces
 33122 | Snake:2  | Bought 2 potions of curing for 108 gold pieces
 33130 | Snake:2  | Found a transporter.
 33255 | Snake:2  | Found a transporter.
 33847 | Snake:3  | Lost mutation: You occasionally shout uncontrollably at
                  | your foes. [Jiyva's grace]
 33847 | Snake:3  | Lost mutation: Your muscles are strong. (Str +4, Int/Dex
                  | -1) [Jiyva's grace]
 33847 | Snake:3  | Lost mutation: Your gelatinous body deflects attacks. (AC
                  | +3, EV +3) [Jiyva's grace]
 33847 | Snake:3  | Gained mutation: Your spells are a little harder to cast,
                  | but a little more powerful. [Jiyva's grace]
 33847 | Snake:3  | Gained mutation: Your spells are harder to cast, but more
                  | powerful. [Jiyva's grace]
 33847 | Snake:3  | Gained mutation: Your spells are much harder to cast, but
                  | much more powerful. [Jiyva's grace]
 33847 | Snake:3  | Gained mutation: You have an increased reservoir of magic.
                  | (+10% MP) [Jiyva's grace]
 34465 | Snake:4  | Entered Level 4 of the Snake Pit
 34597 | Snake:4  | Identified the ring "Kuqiggo" {rF+ rC++ EV+5}
 34949 | Snake:4  | Got a serpentine rune of Zot
 35054 | Snake:4  | Found a runed translucent gate.
 35055 | Snake:4  | Found a runed translucent gate.
 35056 | Snake:4  | Found a runed translucent gate.
 35058 | Snake:4  | Noticed tilp's ghost (adept MeFi)
 35058 | Snake:4  | Noticed sleeves's ghost (adept BaSu)
 35219 | Snake:4  | Reached XP level 19. HP: 167/167 MP: 41/41
 35718 | Vaults:1 | Entered Level 1 of the Vaults
 36092 | Vaults:1 | Reached skill level 15 in Air Magic
 36135 | Vaults:1 | Found a huge runed gate.
 36135 | Vaults:1 | Found a huge runed gate.
 36135 | Vaults:1 | Found a huge runed gate.
 36135 | Vaults:1 | Found a huge runed gate.
 36135 | Vaults:1 | Found a huge runed gate.
 36136 | Vaults:1 | Found a huge runed gate.
 36136 | Vaults:1 | Found a huge runed gate.
 36136 | Vaults:1 | Found a huge runed gate.
 36136 | Vaults:1 | Found a huge runed gate.
 36136 | Vaults:1 | Found a huge runed gate.
 36137 | Vaults:1 | Found a huge runed gate.
 36138 | Vaults:1 | Found a huge runed gate.
 36139 | Vaults:1 | Found a huge runed gate.
 36140 | Vaults:1 | Found a huge runed gate.
 36141 | Vaults:1 | Found a huge runed gate.
 36142 | Vaults:1 | Found a huge runed gate.
 36150 | Vaults:1 | Found a huge runed gate.
 36150 | Vaults:1 | Found a huge runed gate.
 36150 | Vaults:1 | Found a huge runed gate.
 36150 | Vaults:1 | Found a huge runed gate.
 36150 | Vaults:1 | Found a huge runed gate.
 36150 | Vaults:1 | Found a huge runed gate.
 36151 | Vaults:1 | Found a huge runed gate.
 36152 | Vaults:1 | Found a huge runed gate.
 36153 | Vaults:1 | Found a huge runed gate.
 36161 | Vaults:1 | Found a huge runed gate.
 36161 | Vaults:1 | Found a huge runed gate.
 36161 | Vaults:1 | Found a huge runed gate.
 36161 | Vaults:1 | Found a huge runed gate.
 36161 | Vaults:1 | Found a huge runed gate.
 36161 | Vaults:1 | Found a huge runed gate.
 36162 | Vaults:1 | Found a huge runed gate.
 36163 | Vaults:1 | Found a huge runed gate.
 36184 | Vaults:1 | Found a huge runed gate.
 36184 | Vaults:1 | Found a huge runed gate.
 36184 | Vaults:1 | Found a huge runed gate.
 36398 | Vaults:1 | Lost mutation: Your tail ends in a wickedly sharp and
                  | venomous barb. [Jiyva's grace]
 36398 | Vaults:1 | Lost mutation: Your tail ends in a sharp venomous barb.
                  | [Jiyva's grace]
 36398 | Vaults:1 | Lost mutation: You have an increased reservoir of magic.
                  | (+10% MP) [Jiyva's grace]
 36398 | Vaults:1 | Lost mutation: Your pliable body absorbs attacks. (AC +2,
                  | EV +2) [Jiyva's grace]
 36398 | Vaults:1 | Gained mutation: You possess an exceptional clarity of
                  | mind. [Jiyva's grace]
 36398 | Vaults:1 | Gained mutation: You are covered in slimy tendrils that may
                  | disarm your opponents. [Jiyva's grace]
 36398 | Vaults:1 | Gained mutation: You have sharp toenails. [Jiyva's grace]
 36398 | Vaults:1 | Gained mutation: You have razor-sharp toenails. [Jiyva's
                  | grace]
 36760 | Vaults:1 | Noticed a hellephant
 36832 | Vaults:1 | Killed a hellephant
 36900 | Vaults:1 | Identified the +2 pair of boots of the Candlemaker {rC+
                  | Int+3}
 37134 | Vaults:2 | Noticed Xtahua
 37140 | Vaults:2 | Killed Xtahua
 37717 | Vaults:2 | Identified the +5 halberd "Zupejuma" {vamp, rElec rC+ rCorr
                  | Str+2}
 37864 | Vaults:2 | Learned a level 7 spell: Enfeeble
 37884 | Vaults:3 | Reached skill level 1 in Hexes
 37892 | Vaults:3 | Reached skill level 2 in Hexes
 37934 | Vaults:3 | Found a crumbling gateway.
 37946 | Desolati | Entered the Desolation of Salt
 37963 | Desolati | Found the +27 heavy crossbow "Sniper" {heavy, Acc+∞ SInv}
 37969 | Desolati | Reached skill level 3 in Hexes
 37976 | Desolati | Reached skill level 4 in Hexes
 37985 | Desolati | Reached skill level 5 in Hexes
 38013 | Desolati | Identified the +4 long sword "Nusadorgh" {speed, rElec
                  | Will+ Stlth+}
 38020 | Desolati | Got the Elucidation of the Winter
 38021 | Desolati | Identified the +7 arbalest of the Transmuting Gods {freeze,
                  | Str+3 Int+5 Dex+3}
 38060 | Desolati | Reached XP level 20. HP: 174/174 MP: 37/39
 38073 | Desolati | Reached skill level 6 in Hexes
 38115 | Desolati | Reached skill level 7 in Hexes
 38199 | Desolati | Reached skill level 8 in Hexes
 38247 | Desolati | Identified the ring of the Amoeba {rCorr Str+6 Stlth+}
 38250 | Desolati | Identified the +1 leather armour of the Flying Gods {Contam
                  | +Blink rN+ Dex+2}
 38309 | Desolati | Reached skill level 9 in Hexes
 38316 | Desolati | Found the +3 robe of Clouds {*Thunder rCloud rElec}
 38348 | Desolati | Reached skill level 10 in Hexes
 38401 | Desolati | Identified the +5 robe "Enoost" {+Blink rN++ Regen+ Int-2}
 38406 | Desolati | Identified the amulet "Ozoy" {Reflect Fly rElec Dex+3 SH+5}
 38494 | Desolati | Reached skill level 11 in Hexes
 38558 | Desolati | Lost mutation: You have razor-sharp toenails. [Jiyva's
                  | grace]
 38558 | Desolati | Lost mutation: You possess an exceptional clarity of mind.
                  | [Jiyva's grace]
 38558 | Desolati | Lost mutation: Your spells are much harder to cast, but
                  | much more powerful. [Jiyva's grace]
 38558 | Desolati | Lost mutation: Your spells are harder to cast, but more
                  | powerful. [Jiyva's grace]
 38558 | Desolati | Lost mutation: Your body has grown many eyes which may
                  | confuse attackers. (Acc +5) [Jiyva's grace]
 38558 | Desolati | Lost mutation: Your rubbery body absorbs attacks. (AC +1,
                  | EV +1) [Jiyva's grace]
 38558 | Desolati | Gained mutation: You have a pair of small horns on your
                  | head. [Jiyva's grace]
 38558 | Desolati | Gained mutation: You have a pair of horns on your head.
                  | [Jiyva's grace]
 38558 | Desolati | Gained mutation: You have a pair of large horns on your
                  | head. [Jiyva's grace]
 38558 | Desolati | Gained mutation: You have a somewhat thin skeletal
                  | structure. (Dex +2, Stealth+) [Jiyva's grace]
 38932 | Vaults:3 | Reached skill level 12 in Hexes
 39124 | Vaults:3 | Reached skill level 13 in Hexes
 39231 | Vaults:3 | Found Xorygge's Book Shoppe.
 39458 | Vaults:3 | Reached skill level 14 in Hexes
 39604 | Vaults:3 | Found a staircase to the Crypt.
 39949 | Vaults:4 | Lost mutation: You have a pair of large horns on your head.
                  | [Jiyva's grace]
 39949 | Vaults:4 | Lost mutation: You have a small jelly attached to you that
                  | may absorb projectiles. [Jiyva's grace]
 39949 | Vaults:4 | Lost mutation: You passively dampen the noise of your
                  | surroundings. [Jiyva's grace]
 39949 | Vaults:4 | Gained mutation: Your melee attacks may engulf your foes in
                  | ooze. [Jiyva's grace]
 39949 | Vaults:4 | Gained mutation: You are resistant to electric shocks.
                  | (rElec) [Jiyva's grace]
 39949 | Vaults:4 | Gained mutation: Your tail ends in a sharp venomous barb.
                  | [Jiyva's grace]
 39949 | Vaults:4 | Gained mutation: Your tail ends in a wickedly sharp and
                  | venomous barb. [Jiyva's grace]
 39952 | Vaults:4 | Found Cogaw's Book Shoppe.
 40178 | Vaults:4 | Identified the +6 great mace of Cheese {heavy, rN+ MP+9
                  | Str-3 Stlth+}
 40437 | Vaults:4 | Reached skill level 15 in Hexes
 40749 | Vaults:4 | Reached XP level 21. HP: 181/181 MP: 40/40
 41353 | Slime:1  | Entered Level 1 of the Pits of Slime
 41576 | Slime:5  | Entered Level 5 of the Pits of Slime
 41618 | Slime:5  | Found a viscous altar of Jiyva.
 41625 | Slime:5  | Got the Guide on Frozen Arson
 41626 | Slime:5  | Found the +5 Storm Queen's Shield {shock, Fly rElec}
 41628 | Slime:5  | Noticed the Royal Jelly
 41635 | Slime:5  | Identified the +0 chain mail "Ukyzepec" {Will+ Slay+3}
 41645 | Slime:5  | Got a slimy rune of Zot
 41656 | Slime:5  | Got Opreril's Monograph on Despicable Arts
 41658 | Slime:5  | Identified the ring "Sogikirgh" {rElec Will+ rCorr Dex+2}
 42140 | Crypt:1  | Entered Level 1 of the Crypt
 42215 | Crypt:1  | Reached skill level 16 in Hexes
 42536 | Crypt:1  | Reached skill level 17 in Hexes
 42750 | Crypt:1  | Lost mutation: Your tail ends in a wickedly sharp and
                  | venomous barb. [Jiyva's grace]
 42750 | Crypt:1  | Gained mutation: Your spells are harder to cast, but more
                  | powerful. [Jiyva's grace]
 42750 | Crypt:1  | Gained mutation: Your spells are much harder to cast, but
                  | much more powerful. [Jiyva's grace]
 42750 | Crypt:1  | Gained mutation: You have acidic saliva. [Jiyva's grace]
 42750 | Crypt:1  | Gained mutation: You possess an exceptional clarity of
                  | mind. [Jiyva's grace]
 43212 | Crypt:2  | Reached skill level 18 in Hexes
 43706 | Crypt:2  | Identified the +8 short sword "Zofij" {flame, SInv}
 43757 | Crypt:3  | Entered Level 3 of the Crypt
 43777 | Crypt:3  | Reached skill level 19 in Hexes
 44047 | Crypt:3  | Found a staircase to the Tomb.
 44056 | Crypt:3  | Reached skill level 20 in Hexes
 44201 | Crypt:3  | Reached XP level 22. HP: 175/189 MP: 41/41
 44250 | Crypt:3  | Noticed an ancient lich
 44266 | Crypt:3  | Killed an ancient lich
 44365 | Crypt:3  | Found the amulet of the Air {Inacc Air Fly rElec RMsl}
 44375 | Crypt:3  | Reached skill level 21 in Hexes
 44870 | Crypt:3  | Found the +0 staff of Battle
 45111 | Crypt:3  | Upgraded the game from 0.30-a0-760-g5a9884bb7c to
                  | 0.30-a0-778-g2ef04afb54
 45795 | Swamp:4  | Slimified the 27-headed Lernaean hydra
 45795 | Swamp:4  | the 27-headed Lernaean hydra changed into an azure jelly
                  | shaped Lernaean hydra
 45795 | Swamp:4  | Noticed an azure jelly shaped Lernaean hydra
 45849 | Swamp:4  | Got a decaying rune of Zot
 46212 | Depths:1 | Entered Level 1 of the Depths
 46237 | Depths:1 | Reached skill level 22 in Hexes
 46290 | Depths:1 | Found Plog's Antique Weapon Boutique.
 46292 | Depths:1 | Found Cuej's Weapon Shop.
 46294 | Depths:1 | Found Pobb's Distillery.
 46302 | Depths:1 | Bought a potion of heal wounds for 55 gold pieces
 46302 | Depths:1 | Bought a potion of heal wounds for 55 gold pieces
 46302 | Depths:1 | Bought a potion of magic for 88 gold pieces
 46302 | Depths:1 | Bought a potion of might for 44 gold pieces
 46302 | Depths:1 | Bought a potion of curing for 33 gold pieces
 46302 | Depths:1 | Bought 2 potions of haste for 220 gold pieces
 46302 | Depths:1 | Bought a potion of curing for 33 gold pieces
 46302 | Depths:1 | Bought a potion of curing for 33 gold pieces
 46435 | Depths:1 | Found a broken altar of Ashenzari.
 46507 | Depths:1 | You are sucked into a shaft and drop 1 floor!
 46519 | Depths:2 | Found a one-way gate to the infinite horrors of the Abyss.
 46690 | Depths:2 | Identified the ring of Veasosou {*Corrode Str+6 Int+5
                  | Dex+3}
 46707 | Depths:2 | Reached skill level 23 in Hexes
 46977 | Depths:1 | Found a shadowy altar of Dithmenos.
 47042 | Depths:1 | Found Fakkucapt's Armour Shoppe.
 47083 | Depths:1 | Lost mutation: You are resistant to electric shocks.
                  | (rElec) [Jiyva's grace]
 47083 | Depths:1 | Lost mutation: Your spells are much harder to cast, but
                  | much more powerful. [Jiyva's grace]
 47083 | Depths:1 | Lost mutation: You have acidic saliva. [Jiyva's grace]
 47083 | Depths:1 | Lost mutation: Your body has grown eyes which may confuse
                  | attackers. (Acc +3) [Jiyva's grace]
 47083 | Depths:1 | Gained mutation: You have a small jelly attached to you
                  | that senses nearby items. [Jiyva's grace]
 47083 | Depths:1 | Gained mutation: You have acidic saliva. [Jiyva's grace]
 47083 | Depths:1 | Gained mutation: You have a small jelly attached to you
                  | that may absorb projectiles. [Jiyva's grace]
 47083 | Depths:1 | Gained mutation: Your translucent skin slightly reduces
                  | your foes' accuracy. (Stealth+) [Jiyva's grace]
 47086 | Depths:1 | Found a one-way gateway to a ziggurat.
 47116 | Depths:1 | Found a gateway to Hell.
 47228 | Depths:1 | Found a one-way gate leading to the halls of Pandemonium.
 47854 | Depths:2 | Found a snail-covered altar of Cheibriados.
 47872 | Depths:2 | Reached skill level 24 in Hexes
 48263 | Depths:2 | Reached XP level 23. HP: 146/185 MP: 38/42
 48575 | Depths:2 | Reached skill level 25 in Hexes
 49314 | Depths:3 | Gained mutation: You are weak. (Str -2) [a cacodemon]
 49342 | Depths:3 | Reached skill level 26 in Hexes
 49518 | Depths:3 | Found an ornate altar of the Wu Jian Council.
 49678 | Depths:3 | Noticed a caustic shrike
 49693 | Depths:3 | Killed a caustic shrike
 49996 | Depths:3 | Lost mutation: Your tail ends in a sharp venomous barb.
                  | [Jiyva's grace]
 49996 | Depths:3 | Lost mutation: Your tail ends in a venomous barb. [Jiyva's
                  | grace]
 49996 | Depths:3 | Lost mutation: You have a somewhat thin skeletal structure.
                  | (Dex +2, Stealth+) [Jiyva's grace]
 49996 | Depths:3 | Lost mutation: You possess an exceptional clarity of mind.
                  | [Jiyva's grace]
 49996 | Depths:3 | Lost mutation: Your spells are harder to cast, but more
                  | powerful. [Jiyva's grace]
 49996 | Depths:3 | Lost mutation: Your translucent skin slightly reduces your
                  | foes' accuracy. (Stealth+) [Jiyva's grace]
 49996 | Depths:3 | Lost mutation: You are covered in slimy tendrils that may
                  | disarm your opponents. [Jiyva's grace]
 49996 | Depths:3 | Lost mutation: Your melee attacks may engulf your foes in
                  | ooze. [Jiyva's grace]
 49996 | Depths:3 | Gained mutation: You have very sharp teeth. [Jiyva's grace]
 49996 | Depths:3 | Gained mutation: You have extremely sharp teeth. [Jiyva's
                  | grace]
 49996 | Depths:3 | Gained mutation: You have razor-sharp teeth. [Jiyva's
                  | grace]
 49996 | Depths:3 | Lost mutation: You have sharp toenails. [Jiyva's grace]
 49996 | Depths:3 | Gained mutation: You have large cloven feet. [Jiyva's
                  | grace]
 50053 | Depths:3 | Reached skill level 27 in Hexes
 50270 | Depths:4 | Entered Level 4 of the Depths
 50597 | Depths:4 | Found a gate to the Realm of Zot.
 50860 | Depths:4 | Reached skill level 15 in Fighting
 50884 | Depths:4 | Reached XP level 24. HP: 195/197 MP: 42/42
 51207 | Depths:4 | Found a glowing silver altar of Zin.
 51366 | Zot:1    | Entered Level 1 of the Realm of Zot
 51730 | Zot:1    | Reached skill level 10 in Dodging
 51813 | Zot:1    | Lost mutation: You are weak. (Str -2) [Jiyva's grace]
 51813 | Zot:1    | Gained mutation: You passively map a small area around you.
                  | [Jiyva's grace]
 51813 | Zot:1    | Gained mutation: You passively map the area around you.
                  | [Jiyva's grace]
 51813 | Zot:1    | Gained mutation: You passively map a large area around you.
                  | [Jiyva's grace]
 51813 | Zot:1    | Gained mutation: You have a pair of large horns on your
                  | head. [Jiyva's grace]
 52275 | Zot:1    | Noticed an orb of fire
 52733 | Zot:2    | Learned a level 8 spell: Discord
 53118 | Vaults:5 | Entered Level 5 of the Vaults
 53209 | Vaults:5 | Mangled by a titan

Illustrated notes

Levels and vault maps discovered:
D:1:      elethiomel_arrival_infinity_welcomes_careful_drivers, layout_basic,
          hellmonk_ecumenical_altar_watching_god, minmay_tromino_v2
D:2:      layout_loops_ring, uniq_jessica, uniq_robin
D:3:      layout_loops_cross, elyvilon_altar_1, minmay_misc_feat_tower,
          hangedman_decor_push, kennysheep_generic_room_6, uniq_natasha
D:4:      wander_river, layout_gridville, nicolae_ossuary_entry_ruins,
          uniq_crazy_yiuf_cottage, uniq_blork_the_orc, uniq_edmund, uniq_pikel,
          uniq_sigmund
D:5:      layout_basic, tgw_xom, ebering_ghost_rock_garden, serial_shops,
          nicolae_shop_advertising_works [nicolae_subvault_shop_adworks],
          uniq_grinder
D:6:      layout_basic, nicolae_uskayaw_en_pointe,
          lemuel_coloured_pillars_altar, serial_curves, eino_curves_01,
          eino_curves_02
D:7:      minmay_octagon_keep, layout_rooms, minmay_temple_entry_mini_moons
D:8:      layout_basic, minmay_stone_trees_large
D:9:      layout_roguey, hellmonk_lair_entry_icy, uniq_maggie
D:10:     layout_roguey, orc_0_dummy, serial_shops, nicolae_shop_trees
D:11:     layout_basic, serial_shops, kennysheep_mini, uniq_snorg
D:12:     layout_cave_pods, serial_shops, shop_coins, nicolae_shop_crystal,
          nrook_campfire, uniq_urug
D:13:     layout_roguey, david_vaults_4, uniq_nessos
D:14:     layout_rooms, serial_glass, glass_columns_b, glass_columns_b
D:15:     grunt_enter_depths_magical_seal, layout_layer_cave, serial_shops,
          shop, nicolae_square_shop, nicolae_shop_statue_plus, shop
Temple:   mainiacjoe_temple_bowtie_tessellation
Lair:1:   layout_cave_pods, gauntlet_entry_generic, ebering_ghost_funeral_grove,
          serial_bayou_lagoon_b
Lair:2:   layout_cave_pods, minmay_hedge_maze
Lair:3:   nzn_winding_woodlands_cross [nzn_winding_woodlands_5x15_jagged,
          nzn_winding_woodlands_5x15_default,
          nzn_winding_woodlands_5x15_longhouse,
          nzn_winding_woodlands_5x15_twine,
          nzn_winding_woodlands_15x15_eel_pit], layout_regular_city,
          palyth_hydra_swamp_entry, guppyfry_snake_entry_garden,
          lemuel_fruit_tree
Lair:4:   layout_cave_pods, uniq_sonja
Lair:5:   grunt_lair_end_beastmaster, layout_cave_pods, slime_entry_1,
          portal_ice_cave_rime, nicolae_quartered_pool_impasse,
          lemuel_fruit_fields
Swamp:1:  layout_falls_marsh, gammafunk_ghost_grave, nicolae_swamp_treefoil,
          swamp_pool1, uniq_mlioglotl, uniq_frances
Swamp:2:  layout_basic_swamp, evilmike_swamp_ruin_house_6, uniq_jorgrun
Swamp:3:  layout_basic_swamp, ebering_ghost_xom, evilmike_swamp_ruin_house_4,
          swamp_pool4, nicolae_swamp_necromancy_gone_wrong,
          infiniplex_staircase_pool
Swamp:4:  swamp_old_school, layout_basic_swamp
Snake:1:  layout_misc_corridors
Snake:2:  gammafunk_its_a_trap, layout_misc_corridors, minmay_shoptagon
Snake:3:  layout_cave_shapes, nicolae_snake_biting_tails, grunt_ministairs_1,
          nicolae_elevator_lobby_plus, grunt_megastairs_2
Snake:4:  hellmonk_snake_rune_quicksilver_temple, layout_cave_town,
          gammafunk_ghost_cemetery
Slime:1:  layout_caves
Slime:2:  layout_caves, nicolae_slime_rock_hall_of_fame
Slime:3:  layout_caves
Slime:4:  layout_caves
Slime:5
Orc:1:    layout_caves, basic_altar, nicolae_volcano_entry_hallway,
          kennysheep_orc_sif_temple
Orc:2:    st_orc_congregation, layout_caves, basic_altar, uniq_donald,
          uniq_maurice
Vaults:1: nicolae_vaults_circle_grid_a, grunt_vaults_focal, not_door_vault_due,
          ontoclasm_vaults_shuriken, hangedman_vaults_slice,
          ontoclasm_vaults_tryst, vaults_room_pools, layout_vaults_omnicross
Vaults:2: ontoclasm_vaults_fault, vaults_mumra_chevron, vaults_room_pool,
          v_alt_pattern_5, v_misc_25, v_misc_2, v_misc_27, v_rooms_5, v_misc_9,
          vaults_dpeg_cross, nicolae_vaults_angled_halls, layout_vaults_omnibox,
          uniq_xtahua
Vaults:3: portal_desolation_entry_nicolae_slug, hangedman_vaults_nails,
          nicolae_vaults_puzzle_piece, nicolae_vaults_network_s,
          minmay_crypt_entry_simple_round,
          nicolae_vaults_windows_and_doors_thing, ontoclasm_vaults_ligature,
          vaults_room_semicircle, nicolae_vaults_sealed_display,
          ontoclasm_vaults_ring_square, v_misc_5, layout_vaults_big_room,
          serial_shops, nicolae_lakefront_shop
Vaults:4: hangedman_vaults_cutoff, nicolae_vaults_network_star,
          vaults_dpeg_spiral, v_misc_13, vaults_room_fours, vaults_room_pools,
          ontoclasm_vaults_hangar, vaults_room_pools, nicolae_vaults_theta,
          layout_vaults_omnigrid, serial_shops, shop
Vaults:5: serial_shops
Crypt:1:  layout_gridlike, grunt_megastairs_1, grunt_crypt_arrival_guarded_gate
Crypt:2:  layout_basic, st_shrine_of_skulls, grunt_megastairs_5
Crypt:3:  due_elkab, layout_chaotic_city, st_stairs_4
Depths:1: layout_long_grid, enter_ziggurat_f, nicolae_dithmenos_shadow_blocks,
          grunt_pan_entry_in_and_out, hell_entry, serial_shops,
          kennysheep_mini_moat, nicolae_ashenzari_skybound, minmay_shop_star
Depths:2: hangedman_box_tower, layout_long_grid, pan_entry, hell_entry,
          abyss_entry, roderic_lattice_a, slow_altar_1
Depths:3: minmay_the_grid_4x2 [minmay_the_grid_minigrid_small_alt,
          minmay_the_grid_tiny_cups, minmay_the_grid_eight,
          minmay_the_grid_embedded, minmay_the_grid_tree, minmay_the_grid_airy,
          minmay_the_grid_expand, minmay_the_grid_prize_four_corners],
          layout_cave_pools, grunt_hell_entry_demonic_statue,
          nicolae_wu_jian_wuxing_cycle, abyss_entry
Depths:4: grunt_zot_entry_tricorne, layout_twisted_cross,
          chequers_serial_rivers_marsh, pf_coc_iceberg,
          nicolae_concentric_dashed_squares_wild,
          serial_sigils_hangedman_clutch, zin_treasury
Zot:1:    layout_concentric_octagons, nrook_zot_tub
Zot:2:    layout_cellular_growth, zot_minivault_1

Skill      XL: |  1  2  3  4  5  6  7  8  9 10 11 12 13 14 15 16 17 18 19 20 21 22 23 24 |
---------------+-------------------------------------------------------------------------+-----
Unarmed Combat | 1 2 3 4 6 7 9 10 13 14 | 14.9
Fighting       | 1 2 3 4 5 7 12 14 15 17 | 17.1
Dodging        | 4 7 8 11 | 11.3
Evocations     | 5 8 |  8.1
Transmutations | 2 5 8 10 12 14 15 16 18 | 18.0
Air Magic      | 2 4 6 9 11 13 14 16 | 16.3
Spellcasting   | 5 8 11 13 15 | 15.0
Ice Magic      | 4 7 |  7.5
Hexes          | 5 15 20 24 27 | 27.0
Stealth        | |  1.7
Necromancy     | |  4.0

Action                     |  1- 3 |  4- 6 |  7- 9 | 10-12 | 13-15 | 16-18 | 19-21 | 22-24 || total
---------------------------+-------+-------+-------+-------+-------+-------+-------+-------++-------
  Melee: Unarmed           |   144 |   369 |   317 |   825 |   879 |   659 |  1015 |  1046 ||  5254
         Tailslap          |    21 |    68 |    49 |   100 |   130 |    74 |    30 |     1 ||   473
         Punch             |       |    11 |    15 |    47 |    55 |    56 |   125 |   111 ||   420
         Bite              |       |       |       |       |     7 |    35 |    12 |     3 ||    57
         Headbutt          |       |       |       |       |       |       |     1 |     3 ||     4
   Cast: Necrotise         |       |    33 |    52 |    20 |       |       |       |       ||   105
         Ice Form          |       |       |       |    20 |    20 |       |       |       ||    40
         Blade Hands       |       |       |       |       |    73 |     6 |     2 |     1 ||    82
         Dragon Form       |       |       |       |       |    10 |    37 |    12 |     4 ||    63
         Storm Form        |       |       |       |       |     2 |    19 |    69 |    84 ||   174
         Enfeeble          |       |       |       |       |       |       |       |     1 ||     1
         Discord           |       |       |       |       |       |       |       |     3 ||     3
 Invoke: Oozemancy         |       |       |       |       |       |       |     1 |     1 ||     2
         Slimify           |       |       |       |       |       |       |       |     1 ||     1
Ability: Breathe Dispellin |       |       |    12 |    25 |     6 |     4 |     2 |       ||    49
         End Transformatio |       |       |       |       |     2 |     3 |     6 |     3 ||    14
         Blinkbolt         |       |       |       |       |     1 |     2 |     4 |     3 ||    10
  Evoke: Wand              |       |    16 |    11 |    11 |     7 |       |       |     1 ||    46
         Tin of tremorston |       |       |       |       |     2 |       |       |       ||     2
         Lightning rod     |       |       |       |       |     4 |       |       |       ||     4
    Use: Scroll            |     1 |     6 |    10 |    11 |     8 |       |     2 |     1 ||    39
         Potion            |       |     2 |    10 |       |     3 |     1 |       |       ||    16
   Stab: Sleeping          |     3 |     9 |     2 |     2 |       |     1 |    11 |       ||    28
         Invisible         |       |     3 |     1 |       |       |       |       |       ||     4
         Distracted        |       |       |       |     1 |       |       |     1 |     1 ||     3
         Paralysed         |       |       |       |       |     3 |       |       |       ||     3
         Petrified         |       |       |       |       |     7 |       |       |       ||     7
         Confused          |       |       |       |       |    10 |     3 |       |     1 ||    14
 Armour: Skin              |    57 |   148 |   100 |   180 |   266 |   261 |   229 |   211 ||  1452
  Dodge: Dodged            |   106 |   211 |   209 |   435 |   821 |   607 |   975 |  1071 ||  4435
         Repelled          |       |       |       |     7 |     8 |     3 |     1 |    23 ||    42
  Block: Other             |       |       |    25 |   147 |       |       |       |       ||   172
         Reflection        |       |       |     2 |     3 |       |       |       |       ||     5

Table legend: (Time is in decaauts)
 A = Elapsed time spent in this place.
 B = Non-inter-level travel time spent in this place.
 C = Inter-level travel time spent in this place.
 D = Time resting spent in this place.
 E = Time spent auto-exploring this place.
 F = Levels seen in this place.
 G = Mean time per level.
                   A        B        C        D        E       F      G
               +--------+--------+--------+--------+--------+-----+--------+
         Total |  52361 |  47847 |   4514 |   7778 |  28228 |  55 |  952.0 |
       Dungeon |  18268 |  16741 |   1527 |   4045 |   9625 |  15 | 1217.9 |
        Temple |    249 |    220 |     29 |      0 |    207 |   1 |  249.0 |
          Lair |   7479 |   6322 |   1157 |   1011 |   3967 |   5 | 1495.8 |
         Swamp |   3081 |   2796 |    285 |    130 |   2040 |   4 |  770.2 |
     Snake Pit |   3127 |   2974 |    153 |     96 |   2044 |   4 |  781.8 |
    Slime Pits |    444 |    317 |    127 |     19 |    205 |   5 |   88.8 |
  Orcish Mines |   1316 |   1200 |    116 |      0 |    706 |   2 |  658.0 |
        Vaults |   4787 |   4239 |    548 |    248 |   3027 |   5 |  957.4 |
         Crypt |   2947 |   2800 |    147 |    163 |   1766 |   3 |  982.3 |
        Depths |   5049 |   4767 |    282 |    630 |   2940 |   4 | 1262.2 |
           Zot |   1383 |   1244 |    139 |     99 |    902 |   2 |  691.5 |
       Ossuary |    582 |    582 |      0 |    114 |      0 |   1 |  582.0 |
      Ice Cave |   1618 |   1618 |      0 |    811 |    223 |   1 | 1618.0 |
       Volcano |    345 |    345 |      0 |      0 |     19 |   1 |  345.0 |
    Desolation |    879 |    879 |      0 |     21 |    348 |   1 |  879.0 |
      Gauntlet |    798 |    798 |      0 |    391 |    206 |   1 |  798.0 |
               +--------+--------+--------+--------+--------+-----+--------+

Top non-repeatable levels by time:
     D:4: 2356 daAuts
     D:9: 1945 daAuts
    D:11: 1941 daAuts
  Lair:1: 1919 daAuts
Depths:2: 1881 daAuts
  Lair:2: 1683 daAuts
   IceCv: 1618 daAuts
    D:15: 1574 daAuts
    D:10: 1343 daAuts
  Lair:3: 1338 daAuts
  Lair:4: 1330 daAuts
 Crypt:3: 1291 daAuts
   Zot:1: 1273 daAuts
Vaults:1: 1265 daAuts
Vaults:4: 1207 daAuts
